puck, lawful female human Valkyrie ------------ # ########## |..........| -.-------------- #-------------- |...........### |..............| #|............| |..........|# # |..............| ----- #|............| ----|-------# ##-..............| |...| #|............| ## # |..............-# |....#####......#......| # # ----------------# |...| #|............| #### # # |...- ------------.- ---------|- # # |..d| # |.........| # # ----- ### ##....).....| ### # # # |.........| # # ### ####.%........| ### # # #`##----------- # ------ # ## #### ### |....| ### ----- -.------#### # |....| # |...| |......|## ###|....| ##....| |......-## #-....| |.>.| -------- ------ ----- puck the Skirmisher Experience level: 3 Strength: 18 Dexterity: 12 Constitution: 18 Intelligence: 10 Wisdom: 15 Charisma: 8 Health: 16(16) Energy: 8(8) Def: 3 Gold: 368 Moves: 1573 Dungeon seed: C0eTblQvSctX29HH Game ID: puck_1559347640 Your Inventory: Coins $ - 368 gold pieces Weapons b - an uncursed +0 dagger Armor e - an uncursed +3 small shield Comestibles c - 3 uncursed food rations h - an uncursed tripe ration i - an uncursed apple j - an uncursed banana Potions o - an uncursed potion of water Scrolls f - 2 uncursed scrolls of magic mapping g - an uncursed scroll of destroy armor k - a cursed scroll of light l - a cursed scroll of amnesia n - an uncursed scroll of remove curse s - an uncursed scroll of identify Spellbooks q - an uncursed spellbook of force bolt Tools a - an uncursed magic whistle d - an uncursed oil lamp (0:1143) t - a cursed wax candle (0:400) Spells and supernatural/magical abilities: Name Level Category Cost Memory W - pray for help -- divine ? -- Z - summon allies -- ability ? -- Your skills at the end: Fighting Skills wands [Basic] Weapon Skills dagger [Basic] long sword [Basic] Spellcasting Skills Final Attributes: You were piously aligned. You were immune to cold. You were immune to poison. You were level-drain resistant. You were visible. You were stealthy. You aggravated monsters. You regenerated. You were a werejackal. You were in beast form. You were unlucky. You last prayed 507 turns ago. Tyr was noncommittal. You survived. Vanquished creatures: a shrieker a werejackal an acid blob 3 coyotes a giant rat 2 gnomes a gecko 6 jackals a fox 4 sewer rats a grid bug 2 lichens a newt 25 creatures vanquished. Voluntary challenges: You used a wielded weapon 25 times, starting on turn 160. You were illiterate. You never genocided any monsters. You never polymorphed an object. You changed form 2 times, starting on turn 1061. You used no wishes. You never split a pudding. You never wrote Elbereth's name. You never violated your personal moral code. Dungeon overview: The Dungeons of Doom: levels 1 to 6 Level 1 <- You were here a sink a long staircase Level 2 a fountain Level 3 a fountain Level 4 Level 5 an altar to Loki, a vault Level 6 History has recorded: On T:1 you entered the Dungeons of Doom to retrieve the Amulet of Yendor! On T:304 you reached level 2 of The Dungeons of Doom. On T:413 you reached level 3 of The Dungeons of Doom. On T:623 you advanced to experience level 2. On T:731 you reached level 4 of The Dungeons of Doom. On T:768 you reached level 5 of The Dungeons of Doom. On T:988 you reached level 6 of The Dungeons of Doom. On T:1052 you advanced to experience level 3. Score breakdown: Gold: 368 ( 8732 points) Experience: 3 levels ( 7878 points) Exploration: 6 levels ( 12.00%) ( 9583 points) Discoveries: 1 item ( 0.40%) ( 1897 points) Valuables value: 0 ( 0 points) Artifact value: 0 ( 0 points) Variety of kills: 13 monsters ( 3.42%) ( 5548 points) Turncount: 1573 turns ( 0 points) Survival: survived (score multiplied by 100%) Total score: 33638 Latest messages: You stop travelling. [2 turns] You hear a gurgling noise. There must be a sink on the level. [2 turns] There's some graffiti on the floor here. You read: "They say t?at if you tele ort to heaven ou're presumed to be dead alr ady.". [2 turns] You miss the lichen. (3x) The lichen touches you! [2 turns] You miss the lichen. (3x) You feel agile! You must have been working on your reflexes. [2 turns] You bite the lichen. You kill the lichen! You see here a lichen corpse. [2 turns] You see here a lichen corpse. Where do you want to travel to? If you leave the dungeon, you cannot return! Final status: Farvel puck the Valkyrie, escaped... You escaped from the dungeon with 33638 points, and 368 pieces of gold, after 1573 moves. You were level 3 with a maximum of 28 hit points when you escaped.